[Event "*** Titled Tuesday Blitz"]
[Site "Chess.com"]
[Date "2018.05.01"]
[Round "10"]
[White "VerdeNotte"]
[Black "LastHeroJr"]
[Result "1-0"]
[WhiteElo "2635"]
[BlackElo "2468"]
[TimeControl "180+2"]
[EndTime "15:13:32 PDT"]
[Termination "VerdeNotte won by resignation"]

1. d4 Nf6 2. g3 g6 3. Bg2 Bg7 4. e4 O-O 5. Ne2 d6 6. O-O c5 7. dxc5 dxc5 8. Qxd8 Rxd8 9. Be3 Na6 10. h3 Ne8 11. c3 Nec7 12. Na3 Rb8 13. Rfd1 Bd7 14.
Nf4 e6 15. Nd3 b6 16. h4 Ba4 17. Rd2 Rd7 18. Nf4 Rxd2 19. Bxd2 Rd8 20. Be3 Nb8 21.
Bf1 Bc6 22. f3 Nd7 23. Rd1 Rb8 24. Nc4 Ne5 25. Rd6 Bb5 26. Nxe5 Bxe5 27. Rd2 Bxf1 28.
Kxf1 a5 29. Rd7 Kf8 30. Ne2 Ke8 31. Rd1 a4 32. Bf4 Bxf4 33. Nxf4 a3 34. bxa3 Nb5 35. c4 Nxa3 36. Rc1 Rd8 37. Rc3 Ra8 38. Ke2 Nb1 39.
Rc2 Rxa2 40. Rxa2 Nc3+ 41. Kd2 Nxa2 42. Nd3 Kd7 43. Kc2 Nb4+ 44. Nxb4 cxb4 45. Kb3 e5 46. Kxb4 Kc6 47. f4 f6 48. f5 gxf5 49. exf5 e4 50.
g4 Kd6 51. g5 fxg5 52. hxg5 Ke5 53. f6 Ke6 54. Kc3 h6 55. gxh6 Kxf6 56. Kd4 Kg6 57.
Kxe4 1-0

[Event "*** Titled Tuesday Blitz"]
[Site "Chess.com"]
[Date "2018.05.01"]
[Round "10"]
[White "Angulo07"]
[Black "ENEASZ"]
[Result "1-0"]
[WhiteElo "2357"]
[BlackElo "2453"]
[TimeControl "180+2"]
[EndTime "15:13:33 PDT"]
[Termination "Angulo07 won by checkmate"]

1. d4 d5 2. Bg5 c5 3. Nc3 Nc6 4. e3 h6 5. Bf4 a6 6. Nf3 Nf6 7.
dxc5 Bg4 8. h3 Bh5 9. g4 Bg6 10.
Bd3 Ne4 11. Nd4 Nxc3 12. bxc3 Be4 13. Bxe4 dxe4 14. Nxc6 bxc6 15. Qd4 e6 16. Bd6 Ra7 17. Qxe4 Bxd6 18. Qxc6+ Qd7 19. Qxd6 Qxd6 20. cxd6 Kd7 21. O-O-O Rc8 22. Rd3 Rc5 23. a4 Rb7 24. Kd2 Rb2 25.
e4 e5 26. h4 Rc4 27. f3 Rxa4 28. g5 Raa2 29. Rc1 a5 30. gxh6 gxh6 31. c4 Rb4 32. c5 Rc4 33. Rd5 f6 34. Kd3 Raa4 35. c3 f5 36. exf5 Rxh4 37. Rxe5 Raf4 38. Re7+ Kc6 39. Rc7+ Kd5 40. d7 Rxf3+ 41. Kc2 Kc4 42. d8=Q Rh2+ 43. Kb1 Rff2 44. Qd4+ Kb3 45. Qxf2 Rxf2 46. Rb7+ Ka3 47. c6 Rxf5 48. c7 Rc5 49. Rc2 a4 50. Ra2# 1-0

[Event "*** Titled Tuesday Blitz"]
[Site "Chess.com"]
[Date "2018.05.01"]
[Round "10"]
[White "XiaoKangZhong"]
[Black "tomozupan"]
[Result "1/2-1/2"]
[WhiteElo "2198"]
[BlackElo "2148"]
[TimeControl "180+2"]
[EndTime "15:13:37 PDT"]
[Termination "Game drawn by agreement"]

1. e4 e5 2. Nf3 Nc6 3. Bc4 Bc5 4.
O-O Nf6 5. d3 d6 6. Re1 O-O 7.
Bg5 h6 8. Bh4 g5 9. Bg3 Bg4 10.
Nbd2 Nd4 11. c3 Nxf3+ 12. Nxf3 Nh5 13. b4 Bb6 14. a4 a5 15. b5 Qf6 16. Ra2 Rad8 17.
Kh1 Kh7 18. h3 Bxf3 19. Qxf3 Qxf3 20. gxf3 f5 21. Kg2 f4 22. Bh2 Nf6 23. Rd2 Rfe8 24. Bf7 Re7 25. Bb3 d5 26. exd5 Nxd5 27. Rc2 c6 28. bxc6 bxc6 29. d4 exd4 30. Rxe7+ Nxe7 31. cxd4 Rxd4 32. Re2 Bc5 33. h4 Kg7 34. hxg5 hxg5 35. Re5 Nd5 36. Rxg5+ Kf6 37. Rh5 Rd2 38. Bxd5 Rxf2+ 39. Kh3 cxd5 40. Rxd5 Rxf3+ 41. Kg4 Rc3 42. Bxf4 Bb4 43.
Bd2 Rc4+ 44. Kf3 Ke6 45. Rd3 Bxd2 46. Rxd2 Rxa4 47. Ke3 Ke5 48. Kd3 Kd5 49. Kc3+ Kc5 50.
Rh2 Ra3+ 51. Kb2 Rg3 52. Rh5+ Kb4 53. Rh4+ 1/2-1/2

[Event "*** Titled Tuesday Blitz"]
[Site "Chess.com"]
[Date "2018.05.01"]
[Round "10"]
[White "swayamsm"]
[Black "Shtembuliak"]
[Result "1-0"]
[WhiteElo "2597"]
[BlackElo "2686"]
[TimeControl "180+2"]
[EndTime "15:13:45 PDT"]
[Termination "swayamsm won by checkmate"]

1. d4 Nf6 2. Nf3 d6 3. c4 g6 4. Nc3 Bf5 5. g3 Bg7 6. Bg2 O-O 7. O-O c6 8. Re1 Ne4 9. Bd2 Nxd2 10. Qxd2 a5 11. e4 Bg4 12. Qe3 Bxf3 13. Bxf3 Nd7 14. Rad1 Qc7 15. h4 h5 16. g4 hxg4 17. Bxg4 Nf6 18. Bf3 e5 19. d5 Kh7 20. h5 Bh6 21. hxg6+ fxg6 22. Qe2 Rf7 23. Rd3 Raf8 24. Rf1 cxd5 25.
cxd5 Qb6 26. Kg2 Kg7 27. Nd1 Nh7 28. Bg4 Rf4 29. Rg3 Bg5 30. Rh1 Nf6 31. f3 Nxg4 32.
Rxg4 Rxg4+ 33. fxg4 Qd4 34. Rf1 Rh8 35. Rh1 Rf8 36.
Rf1 Rc8 37. Nc3 Bf4 38. Qf2 Qb4 39. a3 Qb3 40. Rh1 g5 41. Kf1 b5 42. Qa7+ Kg8 43. Qh7+ Kf8 44. Qh8+ Kf7 45. Rh7+ Kg6 46. Qg7# 1-0

[Event "*** Titled Tuesday Blitz"]
[Site "Chess.com"]
[Date "2018.05.01"]
[Round "10"]
[White "Bryakin_Mikhail"]
[Black "Kangoroo3000"]
[Result "1-0"]
[WhiteElo "2605"]
[BlackElo "2412"]
[TimeControl "180+2"]
[EndTime "15:13:52 PDT"]
[Termination "Bryakin_Mikhail won by resignation"]

1. d4 Nf6 2. c4 e6 3. Nf3 d5 4. e3 Be7 5. Nbd2 O-O 6. Bd3 c5 7. O-O Nc6 8. dxc5 Bxc5 9. Qe2 e5 10. cxd5 Nxd5 11. a3 a5 12. Rd1 Be6 13. Ne4 Be7 14. Bc4 f5 15. Bxd5 Bxd5 16. Nc3 Bxf3 17. Qxf3 Qe8 18. Qd5+ Kh8 19. Qb5 f4 20. Qxb7 Qg6 21. exf4 exf4 22. Bxf4 Ra7 23. Qb6 Rxf4 24. Nd5 Rg4 25. Ne3 Rg5 26. Rac1 Ra8 27. Rxc6 Qf7 28. Rc7 Rf8 29. Rf1 h5 30. Qb7 Re5 31. Nc4 Re6 32. Nxa5 Re2 33. Qf3 Qxf3 34. gxf3 Bd8 35. Rc8 Rxb2 36.
Nc6 Rd2 37. a4 Kg8 38. Nxd8 Rfxd8 39. Rxd8+ Rxd8 40. Ra1 Ra8 41. a5 Ra6 42. f4 Kf7 43. Kg2 Ke6 44. Kg3 Kf5 45. Kf3 h4 46. h3 g6 47. Ke3 Re6+ 48. Kf3 Ra6 49. Ra4 Ke6 50. Kg4 Kf6 51. Kxh4 Kf5 52. Kg3 Ra8 53. a6 1-0

[Event "*** Titled Tuesday Blitz"]
[Site "Chess.com"]
[Date "2018.05.01"]
[Round "10"]
[White "AndrewDGreen"]
[Black "Kouzari"]
[Result "0-1"]
[WhiteElo "2183"]
[BlackElo "2617"]
[TimeControl "180+2"]
[EndTime "15:13:52 PDT"]
[Termination "Kouzari won by resignation"]

1. d4 d5 2. Bf4 c6 3. c4 Bf5 4. Qb3 Bxb1 5. Rxb1 Qb6 6. c5 Qxb3 7. axb3 a6 8. e3 Nd7 9. Nf3 f6 10. b4 g5 11. Bg3 h5 12. h3 h4 13. Bh2 Kf7 14.
Bd3 e6 15. Ra1 Re8 16. b5 cxb5 17. c6 bxc6 18. Rxa6 Rc8 19. Ra7 Ke8 20. Ke2 Kd8 21. Rha1 Ne7 22. Rb7 Nf5 23. Raa7 Rh7 24. Nd2 Rg7 25.
Bxf5 exf5 26. Nb3 Bb4 27. Na5 Bxa5 28. Rxa5 Re7 29. Bd6 Re6 30. Bb4 Rb8 31. Raa7 Rxb7 32.
Rxb7 f4 33. Kf3 fxe3 34. fxe3 f5 35. Ba5+ Ke8 36. Bb4 Nf6 37. Rc7 Ne4 38. Rg7 Rf6 39.
Rg8+ Kf7 40. Rf8+ Kg6 41. Rg8+ Kh5 42. Rh8+ Rh6 43. Rf8 Rf6 44. Rh8+ Kg6 45. Rg8+ Kh7 46. Rc8 Rg6 47. Bf8 g4+ 48. Kf4 gxh3 49. gxh3 Rg3 50. Rc7+ Kg8 51. Be7 Rxh3 52. Rxc6 Kf7 53. Bd8 Rh1 54.
Rh6 h3 55. Ke5 h2 56. Kxd5 b4 57. Bc7 Nf6+ 58. Ke5 Ng4+ 59. Kxf5 Nxh6+ 0-1

[Event "*** Titled Tuesday Blitz"]
[Site "Chess.com"]
[Date "2018.05.01"]
[Round "10"]
[White "vovachesss"]
[Black "Orest_Vovk"]
[Result "0-1"]
[WhiteElo "2387"]
[BlackElo "2475"]
[TimeControl "180+2"]
[EndTime "15:13:52 PDT"]
[Termination "Orest_Vovk won on time"]

1. e4 g5 2. d4 h6 3. h4 g4 4. Nc3 Bg7 5. Bc4 d6 6. Nge2 Nf6 7. Ng3 c6 8. Qe2 d5 9. Bd3 dxe4 10. Ncxe4 Nxe4 11. Bxe4 Qxd4 12. Nh5 Be5 13. c3 Qd6 14. Be3 f5 15. Bc2 b6 16. Rd1 Qc7 17. Bd4 Bxd4 18. Rxd4 c5 19. Rd5 O-O 20. Qe3 e6 21. Rd2 Kh7 22. O-O Nc6 23. Rfd1 Qe5 24. Rd7+ Bxd7 25. Rxd7+ Kg6 26. Nf4+ Kf6 27. Nd5+ Kg6 28. h5+ Kxh5 29. Nf4+ Kg5 30. Nxe6+ Kg6 31. Nxf8+ Rxf8 32. Qd2 Re8 33. Rd6+ Re6 34. Rxe6+ Qxe6 35. Qd3 Ne5 36. Qg3 h5 37.
Qf4 Nf7 38. Bb3 Qe1+ 39. Kh2 Qe7 40. a4 Ne5 41. Bd5 Qd6 42. c4 Nxc4 43. Kg3 h4+ 0-1

[Event "*** Titled Tuesday Blitz"]
[Site "Chess.com"]
[Date "2018.05.01"]
[Round "10"]
[White "ChainsOfFantasia"]
[Black "colegiodemadrid"]
[Result "1/2-1/2"]
[WhiteElo "2403"]
[BlackElo "2288"]
[TimeControl "180+2"]
[EndTime "15:13:54 PDT"]
[Termination "Game drawn - insufficient material"]

1. d4 Nf6 2. c4 c5 3. d5 b5 4.
cxb5 a6 5. bxa6 g6 6. Nc3 Bg7 7. a7 Rxa7 8. e4 O-O 9. Nf3 e6 10. dxe6 fxe6 11. Bd3 d5 12. O-O Nc6 13. Bg5 h6 14. Bxf6 Rxf6 15. exd5 exd5 16. Bb5 Ne7 17. Ne5 Bb7 18. Re1 d4 19. Ne4 Bxe4 20. Rxe4 Kh7 21. Bd3 Nd5 22. Nxg6 Rxg6 23. Re6 Nf4 24. Bxg6+ Nxg6 25. Qc2 Qg5 26. f4 Qg4 27. f5 Nf4 28. f6+ d3 29. Qd2 Nxe6 30. Qxd3+ Qg6 31. Qxg6+ Kxg6 32. fxg7 Rxg7 33. Kf2 Nd4 34. Rc1 Ne6 35. a3 Rd7 36. Rc2 Rd3 37. b4 cxb4 38. axb4 Rb3 39. Rc4 Kf5 40. Rh4 Rb2+ 41. Ke3 Kg5 42. g3 Ng7 43. Kd3 Nf5 44. Re4 Rxh2 45. g4 Rh3+ 46. Kd2 Nd6 47. Rd4 Nf7 48. Kc2 Ne5 49. b5 Nxg4 50. b6 Re3 51. b7 Re8 52. Kc3 h5 53. Kc4 h4 54. Kc5 h3 55. Kb6 Nf2 56. Rd7 Kg6 57.
Rd4 Kh5 58. Rd7 Ng4 59. Ka7 h2 60. Rd1 Nf2 61. Rf1 Kg4 62. b8=Q Rxb8 63. Kxb8 Kg3 64. Kc7 Kg2 65. Ra1 Kg3 66. Kd6 Nh3 67. Rh1 Ng1 68. Ke5 Kg2 69. Rxh2+ Kxh2 1/2-1/2

[Event "*** Titled Tuesday Blitz"]
[Site "Chess.com"]
[Date "2018.05.01"]
[Round "10"]
[White "TigranLPetrosyan"]
[Black "dretch"]
[Result "1-0"]
[WhiteElo "2738"]
[BlackElo "2740"]
[TimeControl "180+2"]
[EndTime "15:14:01 PDT"]
[Termination "TigranLPetrosyan won by resignation"]

1. Nf3 d5 2. g3 Bg4 3. Bg2 Nd7 4.
c4 e6 5. cxd5 exd5 6. O-O Ngf6 7.
Qb3 Nc5 8. Qc2 Be7 9. d3 O-O 10. Nc3 Re8 11. Re1 Ne6 12. e3 Bb4 13. Bd2 a5 14. a3 Bf8 15. d4 Bh5 16. Ne5 c6 17.
Rac1 Nd7 18. Nxd7 Qxd7 19. Na4 Qd8 20. h4 g5 21. hxg5 Nxg5 22. Qf5 Bg6 23. Qg4 h5 24.
Qe2 Bd6 25. Nc5 Ra7 26. f4 Nh7 27. Nd3 f6 28. Kf2 Qd7 29. Bf3 Qf5 30. Rc3 Kh8 31. Rh1 Rg8 32. Bxh5 Bxh5 33. Qxh5 Qxh5 34. Rxh5 Kg7 35.
Rc1 Nf8 36. Rch1 Kf7 37. Kf3 Ne6 38. Rh7+ Ng7 39. g4 Raa8 40. f5 a4 41. Bb4 Bc7 42. Nc5 Bd6 43. Ne6 Bxb4 44. axb4 a3 45. bxa3 Rxa3 46.
g5 fxg5 47. Nxg5+ Kf6 48. Kf4 Ke7 49. R1h6 Ke8 50. Rg6 Kf8 51. Rhxg7 Rxg7 52. Ne6+ Ke8 53. Rxg7 Ra1 54. f6 Rf1+ 55. Ke5 1-0

[Event "*** Titled Tuesday Blitz"]
[Site "Chess.com"]
[Date "2018.05.01"]
[Round "10"]
[White "PrinceCharming92"]
[Black "BlackBoarder"]
[Result "1-0"]
[WhiteElo "2476"]
[BlackElo "2230"]
[TimeControl "180+2"]
[EndTime "15:14:07 PDT"]
[Termination "PrinceCharming92 won on time"]

1. e4 e6 2. d3 d5 3. Qe2 dxe4 4.
dxe4 b6 5. c3 Ba6 6. Qc2 Bxf1 7.
Kxf1 e5 8. g3 Nc6 9. Kg2 Nf6 10.
Nf3 Bd6 11. Bg5 O-O 12. Nbd2 h6 13. Bxf6 Qxf6 14. Nc4 a5 15. Rad1 Bc5 16. Rd5 Qe6 17. Ncxe5 Nxe5 18. Rxe5 Qxa2 19. c4 Rfe8 20. Rd5 a4 21.
Rc1 a3 22. bxa3 Qxc2 23. Rxc2 Rxe4 24. Rd7 Re7 25. Rxe7 Bxe7 26. Rc3 Rxa3 27. Rxa3 Bxa3 28. Ne5 Bd6 29. Nd3 Kf8 30. Kf3 c6 31. Ke4 Ke7 32.
h3 Ke6 33. g4 g6 34. f3 f5+ 35.
Kd4 b5 36. cxb5 cxb5 37. Nc1 b4 38. Nb3 Be5+ 39. Kc4 Bc3 40. Nc5+ Ke5 41. Nd3+ Kf6 42. Nf4 Kg5 43. Ng2 fxg4 44. fxg4 h5 45. gxh5 gxh5 46. Kd3 Kf5 47. Ke3 b3 48. Kd3 b2 49. Kc2 Bd4 50.
Kb1 Ke4 51. Kc2 1-0

[Event "*** Titled Tuesday Blitz"]
[Site "Chess.com"]
[Date "2018.05.01"]
[Round "10"]
[White "FearlessKing64"]
[Black "toad"]
[Result "1-0"]
[WhiteElo "2168"]
[BlackElo "2174"]
[TimeControl "180+2"]
[EndTime "15:14:14 PDT"]
[Termination "FearlessKing64 won on time"]

1. e4 c5 2. Nf3 d6 3. d4 cxd4 4. Nxd4 Nf6 5. f3 e5 6. Bb5+ Nbd7 7. Nf5 Be7 8. Nxg7+ Kf8 9. Bh6 Kg8 10. Nf5 Nc5 11. Nc3 Bxf5 12. exf5 Bf8 13. Bg5 h6 14. Bxf6 Qxf6 15. Bd3 Rd8 16. Nd5 Qh4+ 17. g3 Qd4 18. f6 Nxd3+ 19. Qxd3 Qxd3 20. cxd3 Rc8 21. Kd2 h5 22. Rac1 Bh6+ 23. f4 Kh7 24. Ke2 exf4 25. gxf4 Rc5 26. Rxc5 dxc5 27. Kf3 Rd8 28. Ke4 Rd6 29.
f5 Ra6 30. a3 Ra4+ 31. Ke5 Rd4 32. Rd1 Rh4 33. b4 cxb4 34. axb4 Rxh2 35. Ne7 Re2+ 36.
Kd5 h4 37. Rh1 Bg5 38. Kd6 Bxf6 39. Nd5 Bg5 40. f6 Kg6 41. Rf1 h3 42. Ne7+ Kh5 43.
Nf5 Rg2 44. Ke7 h2 45. Rh1 Kg4 46. Nd6 Rf2 47. Ne4 Re2 48. Kxf7 Bf4 49. Kg6 Rc2 50.
f7 Rc8 51. Kg7 Be5+ 52. Kg6 Kf3 53. Kf5 1-0

[Event "*** Titled Tuesday Blitz"]
[Site "Chess.com"]
[Date "2018.05.01"]
[Round "10"]
[White "tomsishere"]
[Black "bangchess21"]
[Result "1-0"]
[WhiteElo "2392"]
[BlackElo "2486"]
[TimeControl "180+2"]
[EndTime "15:14:22 PDT"]
[Termination "tomsishere won by checkmate"]

1. d4 Nf6 2. c4 e6 3. Nc3 Bb4 4. Qc2 Nc6 5. Nf3 d6 6. Bd2 O-O 7. a3 Bxc3 8. Bxc3 a5 9. e4 Qe7 10. e5 Nd7 11. Bd3 g6 12. h4 dxe5 13. dxe5 Nc5 14.
Be2 b6 15. Ng5 Bb7 16. Bf3 Rad8 17. O-O h6 18. Ne4 Nxe4 19. Qxe4 a4 20. Qf4 Kh7 21. Be4 h5 22. Rae1 Ba8 23. Re3 Qe8 24.
Rg3 Ne7 25. Rg5 Bxe4 26. Qxe4 Nf5 27. g4 hxg4 28. Qxg4 Ng7 29. Qe4 Nf5 30. h5 Rg8 31. hxg6+ Rxg6 32. Rxg6 fxg6 33. Kg2 Qe7 34. Rh1+ Kg7 35.
Qg4 Rh8 36. Rxh8 Kxh8 37. Bd2 Qd7 38. Bg5 Qc6+ 39. Kh2 Kg8 40. Bf6 Kf7 41. Qh3 Qe4 42. Qh7+ Ke8 43. Qxg6+ Kd7 44. Qf7+ Kc6 45. Qxe6+ Kc5 46.
Be7+ Kd4 47. Bg5 Kd3 48. Qd7+ Ke2 49. Qd2+ Kf3 50. Qd1+ Kxf2 51. Qd2+ Kf1 52. Qd1+ Kf2 53. Qd2+ Kf3 54. Qg2# 1-0

[Event "*** Titled Tuesday Blitz"]
[Site "Chess.com"]
[Date "2018.05.01"]
[Round "10"]
[White "sergeikim"]
[Black "JoachimBN"]
[Result "0-1"]
[WhiteElo "2357"]
[BlackElo "2558"]
[TimeControl "180+2"]
[EndTime "15:14:43 PDT"]
[Termination "JoachimBN won by resignation"]

1. d4 g6 2. c4 Bg7 3. Nc3 c5 4. Nf3 cxd4 5. Nxd4 Nc6 6. Nxc6 bxc6 7. Bd2 Rb8 8. Qc2 Nh6 9. e4 O-O 10. Be2 d6 11. O-O Ng4 12. Rad1 Nf6 13. Be3 Qc7 14.
h3 a5 15. c5 d5 16. exd5 Nxd5 17. Nxd5 cxd5 18. b3 Bb7 19. a3 Rfd8 20. b4 Bc6 21. Qd2 d4 22. Bg5 f6 23. Bc4+ Kh8 24. Bh4 axb4 25.
axb4 e5 26. Rb1 Bb5 27. Qa2 Qc6 28. Rfc1 Rd7 29. Be6 Rdd8 30. Bc4 g5 31. Bg3 Bxc4 32.
Qxc4 Rb5 33. h4 g4 34. Qf7 Rf8 35. Qc4 f5 36. h5 Bf6 37. Ra1 f4 38. Bh2 Rb7 39.
Ra6 Qe4 40. c6 Rc7 41. b5 Rfc8 42. Raa1 Bh4 43. Re1 Qf5 44. Qd5 Bf6 45. Rac1 Rd8 46. Qe4 Qxe4 47. Rxe4 Rb8 48. Rb1 Rxc6 49. h6 Rcb6 50.
g3 f3 51. Rxg4 Rxb5 52. Rf1 Rb1 53. Re4 Rxf1+ 54. Kxf1 Rb1+ 55. Re1 Rxe1+ 56. Kxe1 e4 57. g4 Kg8 58. Bf4 Kf7 59. Kd2 Kg6 60. Kc2 Bg5 61. Be5 d3+ 62. Kc3 Bxh6 63. Bg3 Bg7+ 64. Kd2 Bd4 65. Bh4 h5 66. gxh5+ Kxh5 67. Bg3 Kg4 68. Kd1 Kh3 69. Kd2 Kg2 70. Ke1 Bc3+ 71. Kd1 Kf1 72. Bh4 Bd4 73. Kd2 Bxf2 74. Bg5 Bd4 75. Be3 Bxe3+ 0-1

[Event "*** Titled Tuesday Blitz"]
[Site "Chess.com"]
[Date "2018.05.01"]
[Round "10"]
[White "Bad4life"]
[Black "Karina_Oparina"]
[Result "1-0"]
[WhiteElo "2380"]
[BlackElo "2099"]
[TimeControl "180+2"]
[EndTime "15:15:13 PDT"]
[Termination "Bad4life won by resignation"]

1. e4 c6 2. Nc3 d5 3. Qe2 g6 4. exd5 cxd5 5. Qb5+ Nc6 6. Qxd5 Qb6 7. Bb5 Bg7 8. Nf3 Nf6 9. Bxc6+ bxc6 10. Qb3 Ba6 11. d3 O-O 12. O-O e6 13. Be3 Qc7 14. Qa3 Bb7 15.
Bc5 Rfd8 16. h3 Nd5 17. Rfe1 Nxc3 18. bxc3 Rd5 19. c4 Rf5 20. Bd6 Qd7 21. Rab1 Rd8 22. Be5 c5 23. Bxg7 Bxf3 24. Be5 Bxg2 25. Kxg2 Qc6+ 26. Kg1 f6 27. Bg3 e5 28. Qa5 Rd7 29.
Rb8+ Kg7 30. Qd2 Rf3 31. Qe2 g5 32. Qe4 Qxe4 33. Rxe4 h5 34. a4 h4 35. Kg2 Rf5 36. Bh2 Kf7 37. a5 Ke6 38. Re8+ Kf7 39. Rh8 Ke6 40.
Rc8 Kd6 41. a6 Rc7 42. Rxc7 Kxc7 43. Re1 Kb6 44. Ra1 Kc6 45. f3 Kb6 46. Bg1 Rf4 47. Be3 Rf5 48. Kf2 e4 49. dxe4 Re5 50. Ke2 Re6 51. Kd3 Rd6+ 52. Kc3 Re6 53. Ra3 f5 54. Bxg5 fxe4 55. fxe4 Rxe4 56. Kd3 Rd4+ 57. Ke3 Rxc4 58.
c3 Kb5 59. Kd3 Ra4 60. Rxa4 Kxa4 61. Kc4 Ka5 62. Kxc5 Kxa6 63. Bxh4 Kb7 64. Bf6 a5 65. c4 a4 66. h4 a3 67. Ba1 a2 68. h5 1-0

[Event "*** Titled Tuesday Blitz"]
[Site "Chess.com"]
[Date "2018.05.01"]
[Round "10"]
[White "FastChance"]
[Black "Sanan_Sjugirov"]
[Result "0-1"]
[WhiteElo "2665"]
[BlackElo "2783"]
[TimeControl "180+2"]
[EndTime "15:15:57 PDT"]
[Termination "Sanan_Sjugirov won by resignation"]

1. e4 g6 2. Nf3 Bg7 3. d4 d6 4. Nc3 a6 5. a4 Nf6 6. h3 O-O 7. Be3 Nc6 8. Be2 e6 9. O-O b6 10. Re1 Bb7 11. Nd2 Nb4 12. Bf3 Nd7 13. Ncb1 c5 14. c3 Nd3 15. Rf1 cxd4 16. cxd4 e5 17. Nc4 exd4 18. Bxd4 Bxd4 19. Qxd3 Qf6 20. Nc3 Ne5 21.
Nxe5 dxe5 22. Rab1 Qd6 23. Rfd1 Rfd8 24. Qc4 Rac8 25.
Qb3 Qc5 26. Rd2 Kg7 27. Rbd1 Rd6 28. g3 Rf6 29. Kg2 Rd8 30. Ne2 h5 31. h4 a5 32.
Nxd4 exd4 33. Qd3 Qe5 34. Re2 Bc8 35. Kg1 Bh3 36. Ree1 Rc6 37. Bg2 Bg4 38. Rd2 Rc5 39. f3 Be6 40. f4 Qc7 41. e5 Bf5 42. Qe2 d3 43. Qe3 Rc2 44. Red1 Rxd2 45. Rxd2 Rc8 46. Kh2 Qc1 47. Rxd3 Bxd3 48. Qxd3 Qc7 49. b3 Rd8 50.
Qe3 Qc5 51. Qe4 Rd2 52. e6 fxe6 53. Qxe6 Qd6 54. Qe4 Qc7 55. Kh3 Qd7+ 56. Kh2 Kh7 57. Qe5 Qf7 58. Qe4 Rd7 59. Qe3 Qf6 60. Bh3 Re7 61. Qd3 Kg7 62. Bg2 Qe6 63. Qd4+ Qf6 64.
Qc4 Qb2 65. Qd5 Qf6 66. Qc4 Rd7 67. Bf3 Qd4 68. Qe6 Qd6 69. Qe4 Re7 70. Qc4 Qc5 71. Qd3 Qe3 72. Qd5 Qc5 73. Qd3 Qf2+ 74. Bg2 Re3 75.
Qd7+ Kh6 76. Qh3 Rxb3 77. f5 gxf5 0-1

[Event "*** Titled Tuesday Blitz"]
[Site "Chess.com"]
[Date "2018.05.01"]
[Round "10"]
[White "jk13"]
[Black "Jbd735"]
[Result "0-1"]
[WhiteElo "2529"]
[BlackElo "2371"]
[TimeControl "180+2"]
[EndTime "15:16:02 PDT"]
[Termination "Jbd735 won by resignation"]

1. e4 e5 2. Nf3 Nc6 3. Bc4 Bc5 4. c3 Nf6 5. d3 d6 6. Bb3 h6 7. h3 O-O 8. O-O a6 9. Re1 Ba7 10. Nbd2 Re8 11. Nf1 Be6 12. Bc2 d5 13. Qe2 Qd7 14. N3h2 Rad8 15. Ng3 Ne7 16. Nh5 Nxh5 17. Qxh5 Ng6 18.
Nf3 dxe4 19. dxe4 Qc6 20. a4 Bc4 21. a5 Qf6 22. Qg4 Nf4 23. Bxf4 Qxf4 24. Qxf4 exf4 25. e5 g5 26. Be4 c6 27. Rad1 Bb3 28. Rxd8 Rxd8 29.
Kf1 Kf8 30. Bf5 Ke7 31. h4 Rg8 32. hxg5 hxg5 33. Nd2 Bd5 34. Be4 Rh8 35. Ke2 Rh2 36. Bxd5 cxd5 37. Kf3 Ke6 38. Nb3 Kf5 39. Nd4+ Bxd4 40.
cxd4 g4+ 41. Ke2 Rxg2 42. Kf1 Rh2 43. Kg1 Rh3 44. Rc1 Rb3 45. Rc7 Ke4 46. Rxf7 Rxb2 47.
e6 Kf3 48. e7 Re2 49. Rg7 Re1+ 50. Kh2 Re2 51. Kg1 Re1+ 52. Kh2 Re6 53. Kg1 Re4 54.
Kf1 g3 55. fxg3 fxg3 56. Rf7+ Kg4 57. Kg2 Re2+ 58. Kg1 Kh3 59. Kf1 Re4 60. Rh7+ Kg4 61. Rf7 Kg5 62. Kg2 Kg6 63. Rf8 Rxe7 64. Kxg3 Re4 65.
Rb8 Rxd4 66. Rxb7 Kf5 67. Rb6 Ke4 68. Rxa6 Rd3+ 69. Kf2 Rd2+ 70. Ke1 Ra2 71. Re6+ Kd3 72. a6 d4 73. Re7 Ra1+ 74. Kf2 Rxa6 75. Rb7 Kd2 76.
Rb2+ Kc3 77. Rb8 Re6 78. Rc8+ Kd2 79. Rc4 d3 80. Rc5 Kd1 81. Rc3 Kd2 82. Rc5 Rf6+ 83. Kg3 Kd1 84. Rc3 d2 85. Kg2 Ke2 86.
Rc2 Kd3 0-1

[Event "*** Titled Tuesday Blitz"]
[Site "Chess.com"]
[Date "2018.05.01"]
[Round "10"]
[White "Abund"]
[Black "Jospem"]
[Result "1/2-1/2"]
[WhiteElo "2517"]
[BlackElo "2677"]
[TimeControl "180+2"]
[EndTime "15:16:03 PDT"]
[Termination "Game drawn by repetition"]

1. Nf3 d5 2. d4 Nf6 3. c4 c6 4. e3 g6 5. Nc3 Bg7 6. Be2 O-O 7. O-O b6 8. Qb3 Bb7 9. cxd5 cxd5 10. Bd2 a6 11. Na4 Nbd7 12. Rfc1 Ne4 13. Ba5 bxa5 14. Qxb7 Ndf6 15. Ne5 e6 16. Nc6 Qd6 17. f3 Bh6 18.
fxe4 Bxe3+ 19. Kh1 Nxe4 20. Rf1 Nf2+ 21. Rxf2 Bxf2 22.
Rf1 Bh4 23. Nb6 Rae8 24. Nd7 Bg5 25. Nxf8 Rxf8 26. Ne5 f6 27. Nf3 Bf4 28. Qxa6 Qe7 29. Qxa5 g5 30. Bd3 Bc7 31. Qe1 Qd6 32. g3 h6 33. Qe2 Kg7 34. a3 Qb6 35. Rc1 Rf7 36. g4 Qd6 37. Re1 Re7 38. Bf5 Qf4 39. Qe3 Qd6 40.
Bxe6 h5 41. gxh5 g4 42. h6+ Kh8 43. Qf2 Rxe6 44. Rxe6 Qxe6 45. Nh4 Qe4+ 46. Kg1 Bf4 47. Qxf4 Qe1+ 48. Kg2 Qxh4 49. Qg3 Qg5 50. Qf2 Qxh6 51. b4 Qh3+ 52. Kg1 Kg7 53. Qg3 Qh5 54. Qc7+ Kg6 55. Qf4 Qh4 56. Qg3 Qg5 57. Qd3+ f5 58. b5 Qc1+ 59.
Kg2 Kg5 60. b6 Qb2+ 61. Kg1 Qxb6 62. Qe3+ Kg6 63. Qe5 Qb1+ 64. Kg2 Qb2+ 65. Kg1 Qc1+ 66. Kg2 Qb2+ 67. Kg1 Qxa3 68. Qxd5 Qe3+ 69. Kf1 Kg5 70. Qd6 Qd3+ 71. Kf2 Qc2+ 72. Kg1 Qd1+ 73. Kf2 Qf3+ 74. Kg1 f4 75. Qe5+ Kg6 76. Qe6+ Kh5 77. Qf5+ Kh4 78.
Qf6+ Kh5 79. Qf5+ Kh6 80. Qf6+ Kh7 81. Qf7+ Kh8 82. Qf8+ Kh7 83. Qf7+ Kh6 84. Qf6+ Kh5 85. Qf5+ Kh4 86. Qf6+ Kh5 87. Qf5+ Kh6 88. Qf6+ Kh5 89. Qf5+ 1/2-1/2

[Event "*** Titled Tuesday Blitz"]
[Site "Chess.com"]
[Date "2018.05.01"]
[Round "10"]
[White "evgenysharapov"]
[Black "Flawless2018"]
[Result "1-0"]
[WhiteElo "2297"]
[BlackElo "2484"]
[TimeControl "180+2"]
[EndTime "15:16:27 PDT"]
[Termination "evgenysharapov won by checkmate"]

1. e4 Nf6 2. Nc3 d5 3. e5 d4 4. exf6 dxc3 5. fxg7 Bxg7 6. dxc3 Qxd1+ 7. Kxd1 Nc6 8. Nf3 Bf5 9. Bd3 O-O-O 10. Ke2 Bg6 11. Bg5 f6 12. Be3 e5 13. Bxg6 hxg6 14. h4 f5 15.
Rad1 Rxd1 16. Kxd1 e4 17. Ng5 Bf6 18. Ke2 b5 19. g3 a5 20. Rd1 a4 21. a3 Na5 22.
Ne6 Nc4 23. Bc1 c6 24. Nf4 g5 25. hxg5 Bxg5 26. b3 axb3 27. cxb3 Na5 28. b4 Nc4 29.
Ng6 Rg8 30. Bxg5 Rxg6 31. Bc1 Rg7 32. Rd4 Ra7 33. g4 fxg4 34. Rxe4 Nxa3 35. Rxg4 Nc4 36. Rg8+ Kb7 37. Rg7+ Ka6 38. Rxa7+ Kxa7 39. Kd3 Kb7 40. Kd4 Kc7 41. f4 Kd6 42. f5 Nb6 43. Bf4+ Kd7 44. f6 Nd5 45. Bg5 Ke6 46. Bh4 Kf7 47. Kc5 Nxc3 48. Kxc6 Ke6 49. Kc5 Kf7 50. Kd6 Nb1 51.
Kd5 Nc3+ 52. Kd4 Nb1 53. Ke5 Nc3 54. Be1 Nd1 55. Bd2 Nb2 56. Bc3 Nd3+ 57. Kf5 Nc1 58. Ke4 Ne2 59. Bb2 Ng3+ 60. Kd5 Ne2 61. Kc5 Nf4 62. Kxb5 Nd3 63. Bc3 Ke6 64. Kc4 Nf4 65. b5 Nd5 66. Bd4 Nc7 67. b6 Na6 68. b7 Nb8 69.
Kb5 Nd7 70. Kc6 Nb8+ 71. Kc7 Nd7 72. b8=Q Nxb8 73. Kxb8 Kd7 74. Bc5 Ke6 75. Be7 Kd7 76. Kb7 Ke6 77. Kc7 Kf7 78. Kd6 Ke8 79. Ke5 Kf7 80. Bb4 Ke8 81. Ke6 Kd8 82. f7 Kc7 83. f8=Q Kb7 84. Qd6 Ka8 85. Qd7 Kb8 86. Bc5 Ka8 87.
Qa7# 1-0